 Dungeon Crawl Stone Soup version 0.21.0 (webtiles) character file.

208108 JimDarkmagic the Executioner (level 18, -8/168 (172) HPs)
             Began as a Minotaur Berserker on Jan 28, 2018.
             Was the Champion of Trog.
             Blown up by an orb spider (39 damage)
             ... with an orb of destruction
             ... on level 3 of the Spider Nest on Jan 29, 2018.
             The game lasted 03:05:15 (44588 turns).

JimDarkmagic the Executioner (Minotaur Berserker)  Turns: 44588, Time: 03:05:15

HP:   -8/168 (172)  AC: 42    Str: 28    XL:     18   Next: 11%
MP:   26/26         EV: 12    Int:  7    God:    Trog [******]
Gold: 2193          SH:  8    Dex: 11    Spells: 17/17 levels left

rFire    . . .     SeeInvis .   T - +6 battleaxe of Zitistuw {flame, MP+9 Str+2}
rCold    . . .     Gourm    .   (shield currently unavailable)
rNeg     . . .     Faith    .   r - +15 Maxwell's patent armour {-Cast -Tele rElec MR+ rCorr}
rPois    .         Spirit   .   K - +1 hat {MR+}
rElec    +         Reflect  +   C - scarf {repulsion}
rCorr    +         Harm     .   g - +2 pair of gloves
MR       +++..     NoTele   +   a - +0 pair of boots {run} Stlth ..........NoCast +
                                F - brooch of Shielding {Reflect SH+8}
HPRegen  0.38/turn              S - +3 ring of evasion
MPRegen  0.20/turn              e - +3 ring of protection

@: lethally poisoned (-8 -> -12), repel missiles, quick
A: retaliatory headbutt, horns 2
}: 1/15 runes: decaying
a: Berserk, Trog's Hand, Brothers in Arms, Burn Spellbooks, Renounce Religion


You were on level 3 of the Spider Nest.
You worshipped Trog.
Trog was exalted by your worship.
You were hungry.

You visited 6 branches of the dungeon, and saw 32 of its levels.
You visited 1 bazaar.
You also visited: Labyrinth.

You collected 2984 gold pieces.
You spent 791 gold pieces at shops.

Inventory:

Hand Weapons
 v - a +3 antimagic battleaxe
 T - the +6 battleaxe of Zitistuw (weapon) {flame, MP+9 Str+2}
   (You found it on level 6 of the Lair of Beasts)

   It has been specially enchanted to burn those struck by it, causing extra
   injury to most foes and up to half again as much damage against particularly
   susceptible opponents.
   Big, fiery blades are also staple armaments of hydra-hunters.
   It affects your strength (+2).
   It affects your magic capacity (+9).
Armour
 a - a +0 pair of boots of running (worn)
 g - a +2 pair of gloves (worn)
 r - the +15 Maxwell's patent armour (worn) {-Cast -Tele rElec MR+ rCorr}
   (You acquired it on level 12 of the Dungeon)

   It insulates you from electricity.
   It affects your resistance to hostile enchantments.
   It prevents spellcasting.
   It prevents most forms of teleportation.
   It protects you from acid and corrosion.
 C - a scarf of repulsion (worn)
 K - a +1 hat of magic resistance (worn)
Jewellery
 e - a +3 ring of protection (right hand)
 F - the brooch of Shielding (around neck) {Reflect SH+8}
   (You found it in a labyrinth)

   [amulet of reflection]

   It shields you and reflects attacks.
   It affects your SH (+8).
 S - a +3 ring of evasion (left hand)
 V - the ring "Vaniav" {+Fly Dex+3 Slay+4, unknown}
   (You found it on level 3 of the Spider Nest)

   [ring of flight]

   It affects your dexterity (+3).
   It affects your accuracy and damage with ranged weapons and melee attacks
   (+4).
   It lets you fly.
Wands
 i - a wand of digging (17)
 m - a wand of disintegration (11)
 u - a wand of enslavement (12)
 w - a wand of random effects (20)
 D - a wand of paralysis (65)
 E - a wand of acid (17)
 H - a wand of polymorph (13)
 I - a wand of flame (112)
 L - a wand of iceblast (31)
Scrolls
 d - 8 scrolls of teleportation
 h - 8 scrolls of remove curse
 k - 10 scrolls of immolation
 l - 3 scrolls of enchant armour
 n - 4 scrolls of fog
 p - 11 scrolls of identify
 q - 7 scrolls of enchant weapon
 G - 2 scrolls of fear
 O - 2 scrolls of magic mapping
 U - a scroll of silence {unknown}
Potions
 b - 11 potions of curing
 f - 5 potions of might
 j - 2 potions of ambrosia
 s - 4 potions of agility
 t - 2 potions of resistance
 x - 4 potions of haste
 z - 2 potions of lignification
 A - 3 potions of flight
 B - 6 potions of brilliance
 M - a potion of heal wounds
 Q - 2 potions of cancellation
Books
 o - a book of the Sky

   Spells                             Type                      Level
   a - Summon Lightning Spire         Summoning/Air                4
   b - Silence                        Hexes/Air                    5
   c - Deflect Missiles               Charms/Air                   6
   d - Conjure Ball Lightning         Conjuration/Air              6
   e - Tornado                        Air                          9
   Trog disapproves of the use of such an item.
 J - a book of the Earth

   Spells                             Type                      Level
   a - Leda's Liquefaction            Hexes/Earth                  4
   b - Bolt of Magma                  Conjuration/Fire/Earth       5
   c - Statue Form                    Transmutation/Earth          6
   d - Iron Shot                      Conjuration/Earth            6
   e - Shatter                        Earth                        9
   Trog disapproves of the use of such an item.
Miscellaneous
 y - a fan of gales
 N - a box of beasts
 P - a fan of gales
 R - 2 phantom mirrors
Comestibles
 c - 48 rations


   Skills:
 + Level 18.0 Fighting
 * Level 26.1 Axes
 + Level 18.0 Armour
 - Level 2.1 Dodging


You had 17 spell levels left.
You didn't know any spells.

Dungeon Overview and Level Annotations

Branches:
Dungeon (15/15)            Temple (0/1) D:5            Lair (6/6) D:10
  Swamp (4/4) Lair:4       Spider (3/4) Lair:2        Slime (0/5) Lair:6
    Orc (2/2) D:10            Elf (2/3) Orc:2        Vaults (0/5) D:13
 Depths (0/5) D:15

Altars:
Dithmenos
Gozag
Kikubaaqudgha
Nemelex Xobeh
Ru
Sif Muna
Wu Jian
The Shining One

Shops:
D:5 [   Orc:2 :[[*   Elf:1 :   Elf:2 [

Portals:
Trove: D:15 (give 18 scrolls of teleportation)

Annotations:
Lair:6 exclusion: 3 oklob plants
Elf:2 3 runed doors


Innate Abilities, Weirdness & Mutations

You reflexively headbutt those who attack you in melee.
You have a pair of horns on your head.


Message History

The moth of wrath is heavily wounded.
You feel sick. You block the moth of wrath's attack.
You slash the moth of wrath! You burn the moth of wrath.
Your headbutt misses the moth of wrath.
The moth of wrath is almost dead.
You feel sick.
The orb spider weaves a glowing orb of energy.
The moth of wrath closely misses you.
An orb of destruction comes into view.
You feel sick. The moth of wrath bites you.
* * * LOW HITPOINT WARNING * * *
You are too injured to fight recklessly!
You are too injured to fight recklessly!
You are too injured to fight recklessly!
You slice the moth of wrath!! You burn the moth of wrath.
You kill the moth of wrath!
Trog accepts your kill.
You feel sick.
You feel sick. The orb of destruction hits you!
You die...

≈...... ≈≈.....
#####≈≈≈....
##<.≈≈.≈.....
##≈≈...s.#....
#≈.).#.§......
#..†††§.......
#..††.§.......
#.....@^......
#≈.............
#.#.............
≈......).........
.≈......#......^#.
.#$.....^^........
.........^.......
...............


You could see an orb spider.

Vanquished Creatures
  Nikola (Swamp:1)
  A bone dragon (Swamp:4)
  The ghost of Kave the Grappler, an adept TrTm of Sif Muna (Swamp:4)
  The ghost of BobtheCannibal69 the Zephyrmancer, an adept GnSk of Ru (Swamp:4)
  Gastronok (D:11)
  Frances (Spider:1)
  Agnes (Spider:1)
  The ghost of Narkly the Slayer, an adept GrFi (Swamp:4)
  Roxanne (Spider:1)
  Louise (Swamp:3)
  A deep elf sorcerer (Elf:1)
  2 emperor scorpions (Spider:2)
  2 entropy weavers (Spider:3)
  The ghost of PrincessPwny the Fencer, a journeyman MiBe of Trog (D:12)
  Snorg (D:13)
  A minotaur (Lab)
  Fannar (Lair:1)
  The ghost of PrincessPwny the Carver, a journeyman DsBe of Trog (D:11)
  A ghost crab (Swamp:4)
  The ghost of JimDarkmagic the Severer, a journeyman MiBe of Trog (D:10)
  4 catoblepae (Lair:6)
  18 hydras
  2 centaur warriors (D:15)
  An anaconda (shapeshifter) (D:15)
  2 ogre magi (D:15)
  14 dancing weapons
  A death knight (D:14)
  5 death yaks (Lair:6)
  A tengu warrior (D:15)
  3 orc high priests (Orc:2)
  7 alligators
  13 two-headed ogres
  A deep troll earth mage (D:13)
  10 deep elf knights
  A sixfirhy (D:13)
  7 swamp dragons
  2 unseen horrors
  2 spriggan druids
  4 shambling mangroves
  A wizard (D:15)
  A spectral hydra (Swamp:4)
  7 deep elf archers
  5 orc knights (Orc:2)
  2 phantasmal warriors
  A wolf spider zombie (D:15)
  8 orc sorcerers
  4 oklob plants (Lair:2)
  6 orb spiders
  31 deep elf magi
  6 manticores
  2 cyclopes (D:15)
  6 ugly things
  9 elephants
  3 wolf spiders
  2 moths of wrath
  3 black mambas
  Maurice (Orc:1)
  A gargoyle (D:15)
  10 spiny frogs
  Psyche (D:8)
  2 kobold demonologists
  9 komodo dragons
  2 swamp worm zombies (Swamp:4)
  2 tengu conjurers (D:14)
  5 rime drakes
  2 yaktaurs (D:15)
  2 freezing wraiths (D:14)
  An efreet (D:11)
  9 demonic crawlers
  7 trolls
  3 hydra zombies (Swamp:4)
  3 meliai (D:14)
  A queen bee (Lair:2)
  18 jumping spiders
  A polar bear (Lair:4)
  A hornet (shapeshifter) (D:13)
  9 tyrant leeches
  12 hornets
  8 bog bodies
  13 blink frogs
  14 slime creatures
  13 hippogriffs
  7 dream sheep (Lair:6)
  4 alligator zombies (Swamp:4)
  2 air elementals
  A vampire (D:10)
  20 tarantellas
  4 hogs (D:7)
  2 spriggans
  2 shadows
  3 water elementals (Elf:2)
  5 fire elementals
  5 wraiths
  56 redbacks
  Grum (D:8)
  A human (D:7)
  50 yaks
  10 basilisks
  28 vampire mosquitoes
  18 wyverns
  7 insubstantial wisps (Swamp:4)
  A soldier ant (D:15)
  3 wargs
  11 water moccasins
  Edmund (D:6)
  A swamp worm (shapeshifter) (Elf:2)
  20 swamp worms
  Duvessa (D:4)
  An acid dragon (D:15)
  8 porcupines
  5 swamp drakes
  5 ice beasts
  21 orc warriors
  A sky beast (D:11)
  2 swamp dragon zombies (Swamp:4)
  2 necrophages
  5 black bears
  13 phantoms
  16 ogres
  An eye of draining (D:15)
  8 wolves
  3 centaurs
  10 crocodiles
  21 bullfrogs
  A big kobold (D:14)
  Dowan (D:4)
  A wyvern zombie (D:6)
  2 earth elementals (Elf:1)
  A wyvern skeleton (D:8)
  5 scorpions
  15 killer bees
  7 electric eels
  9 wights
  A howler monkey (D:6)
  4 centaur zombies
  8 crimson imps
  9 orc priests
  2 hounds
  4 jellies
  3 bullfrog zombies
  17 orc wizards
  3 bullfrog skeletons
  3 iguanas
  A spectral swamp drake (Swamp:4)
  10 worker ants
  2 hound zombies
  A hound skeleton (D:3)
  3 gnolls (Orc:2)
  A howler monkey skeleton (D:7)
  2 swamp drake zombies (Swamp:4)
  9 adders
  6 shadow imps
  2 oozes
  4 adder skeletons
  2 worms (D:2)
  2 dart slugs (D:1)
  7 leopard geckos
  43 orcs
  9 giant cockroaches
  7 hobgoblins
  16 jackals
  3 quokkas
  2 ball pythons (D:1)
  5 bats
  3 frilled lizards
  3 goblins
  A jackal skeleton (D:5)
  12 kobolds
  A quokka skeleton (D:5)
  A quokka zombie (D:7)
  13 rats
  8 fungi
  10 plants
1038 creatures vanquished.

Vanquished Creatures (collateral kills)
  A spectral hydra (Swamp:4)
  A phantasmal warrior (Swamp:4)
  A hydra zombie (Swamp:4)
  2 spectral swamp dragons (Swamp:4)
  An insubstantial wisp (Swamp:4)
  A swamp dragon zombie (Swamp:4)
  A spectral swamp drake (Swamp:4)
8 creatures vanquished.

Vanquished Creatures (others)
  Sonja (D:15)
  A deep elf archer (Elf:2)
  A deep elf mage (Elf:1)
  A redback (Spider:1)
  A tarantella (Spider:1)
  A basilisk (shapeshifter) (Elf:2)
  16 fungi
  23 plants
45 creatures vanquished.

Grand Total: 1091 creatures vanquished

Notes
Turn   | Place    | Note
-------+----------+-------------------------------------------
     0 | D:1      | JimDarkmagic the Minotaur Berserker began the quest for the Orb.
     0 | D:1      | Reached XP level 1. HP: 19/19 MP: 0/0
    59 | D:1      | Reached skill level 4 in Axes
   113 | D:1      | Reached XP level 2. HP: 5/26 MP: 1/1
   521 | D:1      | Reached ** piety under Trog
   524 | D:1      | Reached skill level 5 in Axes
   783 | D:1      | Reached XP level 3. HP: 31/31 MP: 2/2
  1809 | D:3      | Reached skill level 6 in Axes
  1809 | D:3      | Reached XP level 4. HP: 38/39 MP: 3/3
  1828 | D:3      | Noticed a bullfrog
  1836 | D:3      | Killed a bullfrog
  1841 | D:3      | Reached XP level 5. HP: 41/45 MP: 4/4
  1896 | D:3      | Reached skill level 7 in Axes
  2076 | D:3      | You fall through a shaft for 3 floors!
  2082 | D:5      | Entered Level 5 of the Dungeon
  2127 | D:5      | Found Fima's Antique Armour Shoppe.
  2151 | D:5      | Bought a cloak for 94 gold pieces
  2174 | D:5      | Reached *** piety under Trog
  2247 | D:5      | Found a staircase to the Ecumenical Temple.
  2331 | D:5      | Reached skill level 8 in Axes
  2392 | D:5      | Reached XP level 6. HP: 51/51 MP: 5/5
  2683 | D:3      | Found a deep blue altar of Sif Muna.
  2865 | D:4      | Noticed Dowan
  2866 | D:4      | Noticed Duvessa
  2916 | D:4      | Killed Duvessa
  2916 | D:4      | Reached skill level 9 in Axes
  2920 | D:4      | Killed Dowan
  3147 | D:4      | Reached XP level 7. HP: 57/57 MP: 6/6
  3319 | D:4      | Found a sacrificial altar of Ru.
  3851 | D:6      | Reached skill level 10 in Axes
  3947 | D:6      | Noticed Edmund
  3967 | D:6      | Killed Edmund
  3999 | D:6      | Reached skill level 11 in Axes
  4045 | D:6      | Reached XP level 8. HP: 64/64 MP: 7/7
  4165 | D:5      | Reached **** piety under Trog
  4353 | D:6      | Reached skill level 12 in Axes
  4839 | D:7      | Reached skill level 13 in Axes
  4920 | D:7      | Found a glowing golden altar of the Shining One.
  5153 | D:7      | Found an ancient bone altar of Kikubaaqudgha.
  5223 | D:7      | Reached XP level 9. HP: 60/70 MP: 8/8
  5233 | D:7      | Reached skill level 5 in Armour
  5236 | D:7      | Reached skill level 14 in Axes
  5591 | D:7      | Found a shadowy altar of Dithmenos.
  5592 | D:7      | Found an ornate altar of the Wu Jian Council.
  5618 | D:8      | Noticed a two-headed ogre
  5630 | D:8      | Killed a two-headed ogre
  5967 | D:8      | Noticed a two-headed ogre
  5979 | D:8      | Killed a two-headed ogre
  5979 | D:8      | Reached XP level 10. HP: 18/77 MP: 9/9
  6277 | D:8      | Noticed Psyche
  6282 | D:8      | Killed Psyche
  6306 | D:8      | Noticed Grum
  6319 | D:8      | Killed Grum
  6329 | D:8      | Reached skill level 10 in Armour
  6671 | D:8      | Reached skill level 15 in Axes
  6714 | D:8      | Reached ***** piety under Trog
  7085 | D:9      | Found an opulent altar of Gozag.
  7585 | D:9      | Reached skill level 16 in Axes
  7920 | D:10     | Entered Level 10 of the Dungeon
  8109 | D:10     | Noticed JimDarkmagic's ghost (journeyman MiBe)
  8144 | D:10     | Killed JimDarkmagic's ghost
  8144 | D:10     | Reached skill level 17 in Axes
  8144 | D:10     | Reached XP level 11. HP: 42/82 MP: 10/10
  8483 | D:10     | Received a gift from Trog
  8544 | D:10     | Found a staircase to the Lair.
  9143 | D:10     | Found a staircase to the Orcish Mines.
  9234 | Lair:1   | Entered Level 1 of the Lair of Beasts
  9304 | Lair:1   | Noticed Fannar
  9304 | Lair:1   | Noticed a seven-headed hydra
  9316 | Lair:1   | Killed Fannar
  9319 | Lair:1   | Killed a one-headed hydra
  9319 | Lair:1   | Reached skill level 5 in Fighting
 10480 | Lair:2   | Reached skill level 18 in Axes
 10572 | Lair:2   | Found a hole to the Spider Nest.
 10683 | Lair:2   | Received a gift from Trog
 11483 | Lair:2   | Noticed a six-headed hydra
 11495 | Lair:2   | Killed a three-headed hydra
 11495 | Lair:2   | Reached XP level 12. HP: 106/106 MP: 11/11
 11641 | Lair:2   | Reached skill level 10 in Fighting
 12239 | Lair:2   | HP: 1/106 [acid (7)]
 12734 | Lair:2   | Received a gift from Trog
 13460 | Lair:3   | Noticed a five-headed hydra
 13472 | Lair:3   | Killed a one-headed hydra
 13653 | Lair:3   | Noticed a four-headed hydra
 13901 | Lair:3   | Killed a one-headed hydra
 14338 | Lair:3   | Reached skill level 19 in Axes
 14910 | Lair:4   | Found a staircase to the Swamp.
 15270 | Lair:4   | Found a labyrinth entrance.
 15315 | Lab      | Entered a labyrinth
 17647 | Lab      | Noticed a minotaur
 17656 | Lab      | Killed a minotaur
 17880 | Lab      | Found the brooch of Shielding {Reflect SH+8}
 17881 | Lab      | Got a faintly glowing war axe
 17881 | Lab      | Got a smoking hand axe
 17885 | Lair:4   | Identified the +11 war axe of Severance {drain, *Noise rPois Str+3} (You found it in a labyrinth)
 17886 | Lair:4   | Identified the +5 hand axe of Fate {flame, rC+} (You found it in a labyrinth)
 17928 | Lair:4   | Noticed a seven-headed hydra
 17940 | Lair:4   | Killed a one-headed hydra
 18377 | Lair:4   | Reached XP level 13. HP: 116/116 MP: 12/12
 19385 | Lair:6   | Entered Level 6 of the Lair of Beasts
 19606 | Lair:6   | Found a staircase to the Slime Pits.
 19665 | Lair:6   | Reached skill level 20 in Axes
 21412 | Lair:6   | Reached XP level 14. HP: 129/129 MP: 13/13
 21420 | Lair:6   | Reached skill level 21 in Axes
 21529 | Lair:6   | Got a bloodstained battleaxe
 21533 | Lair:6   | Identified the +6 battleaxe of Zitistuw {flame, MP+9 Str+2} (You found it on level 6 of the Lair of Beasts)
 22845 | Orc:1    | Entered Level 1 of the Orcish Mines
 23289 | Orc:2    | Entered Level 2 of the Orcish Mines
 23323 | Orc:2    | Received a gift from Trog
 23335 | Orc:2    | Noticed Maurice
 23348 | Orc:1    | Killed Maurice
 23713 | Orc:2    | Found Meytaacvu's Book Emporium.
 23724 | Orc:2    | Paralysed by an orc sorcerer for 2 turns
 24605 | Orc:2    | Found a staircase to the Elven Halls.
 25381 | Orc:2    | Paralysed by an orc sorcerer for 7 turns
 25391 | Orc:2    | HP: 4/129 [orc sorcerer/bolt of negative energy (20)]
 25953 | D:11     | Received a gift from Trog
 25985 | D:11     | Noticed Gastronok
 26278 | D:11     | Killed Gastronok
 26562 | D:11     | Found a flickering gateway to a bazaar.
 26630 | Bazaar   | Entered a bazaar
 26648 | Bazaar   | Found Tafriqal's Book Shoppe.
 26648 | Bazaar   | Found Nopiotit's Antique Weapon Emporium.
 26673 | Bazaar   | Found Acour's Gadget Shoppe.
 26698 | Bazaar   | Found Huaxt's Gadget Shoppe.
 26698 | Bazaar   | Found Zemut's Weapon Emporium.
 26770 | D:11     | Noticed PrincessPwny's ghost (journeyman DsBe)
 26781 | D:11     | Killed PrincessPwny's ghost
 26781 | D:11     | Reached skill level 22 in Axes
 27208 | D:12     | Noticed PrincessPwny's ghost (journeyman MiBe)
 27221 | D:12     | Killed PrincessPwny's ghost
 27646 | D:12     | Received a gift from Trog
 28147 | D:13     | Found a sparkling altar of Nemelex Xobeh.
 28189 | D:13     | Found a gate to the Vaults.
 28254 | D:13     | Found a runed door.
 28514 | D:13     | Found Patumaele's Food Boutique.
 28517 | D:13     | Bought a ration for 65 gold pieces
 28517 | D:13     | Bought a ration for 65 gold pieces
 28517 | D:13     | Bought a ration for 65 gold pieces
 28517 | D:13     | Bought a ration for 65 gold pieces
 28517 | D:13     | Bought a ration for 65 gold pieces
 28517 | D:13     | Bought a ration for 65 gold pieces
 28517 | D:13     | Bought a ration for 65 gold pieces
 28682 | D:13     | Reached XP level 15. HP: 134/139 MP: 14/14
 28705 | D:13     | Noticed Snorg
 28712 | D:13     | Killed Snorg
 29623 | D:14     | Reached ****** piety under Trog
 29952 | D:15     | Entered Level 15 of the Dungeon
 29952 | D:15     | Noticed Sonja
 29967 | D:15     | Received a gift from Trog
 29975 | D:15     | Killed Sonja
 30409 | D:15     | Reached skill level 15 in Fighting
 30416 | D:15     | Reached skill level 15 in Armour
 30420 | D:15     | Reached skill level 23 in Axes
 30553 | D:15     | Found a staircase to the Depths.
 30859 | D:15     | Paralysed by an ogre mage for 2 turns
 30989 | D:15     | Found a portal to a secret trove of treasure.
 31256 | D:15     | Identified 3 scrolls of acquirement
 31589 | D:12     | Identified a +0 pair of boots of running (You acquired it on level 12 of the Dungeon)
 31590 | D:12     | Found the +15 Maxwell's patent armour {-Cast -Tele rElec MR+ rCorr}
 32729 | Orc:2    | Found Akabucuh's Antique Armour Emporium.
 32730 | Orc:2    | Found Tocria's Assorted Antiques.
 32730 | Orc:2    | Found Deqeneuni's Antique Armour Boutique.
 32999 | Orc:2    | Bought a pair of glowing gloves for 217 gold pieces
 33002 | Orc:2    | Bought a bubbling white potion for 25 gold pieces
 33298 | Elf:1    | Entered Level 1 of the Elven Halls
 33487 | Elf:1    | Noticed a deep elf sorcerer
 33499 | Elf:1    | Killed a deep elf sorcerer
 34046 | Elf:1    | Reached XP level 16. HP: 143/149 MP: 15/15
 34128 | Elf:1    | Received a gift from Trog
 34223 | Elf:1    | Found Ucytaa's Book Shoppe.
 35070 | Elf:2    | Reached skill level 24 in Axes
 35256 | Elf:2    | Found Cimeopod's Armour Shoppe.
 35620 | Elf:2    | Found a deep blue altar of Sif Muna.
 35678 | Elf:2    | Found a runed gate.
 35680 | Elf:2    | Found a runed gate.
 35681 | Elf:2    | Found a runed gate.
 36283 | Lair:2   | Received a gift from Trog
 36534 | Swamp:1  | Entered Level 1 of the Swamp
 36659 | Swamp:1  | Noticed Nikola
 36685 | Swamp:1  | Killed Nikola
 38917 | Swamp:3  | Reached XP level 17. HP: 129/160 MP: 16/16
 39225 | Swamp:3  | Noticed Louise
 39238 | Swamp:3  | Killed Louise
 39598 | Swamp:4  | Entered Level 4 of the Swamp
 39601 | Swamp:4  | Noticed BobtheCannibal69's ghost (adept GnSk)
 39638 | Swamp:4  | Noticed Kave's ghost (adept TrTm)
 39641 | Swamp:4  | Killed BobtheCannibal69's ghost
 39641 | Swamp:4  | Reached skill level 25 in Axes
 39653 | Swamp:4  | HP: 2/161 [Kave's ghost (30)]
 39659 | Swamp:4  | HP: 6/161 [Kave's ghost (16)]
 39664 | Swamp:4  | Killed Kave's ghost
 39664 | Swamp:4  | Received a gift from Trog
 40385 | Swamp:4  | Noticed Narkly's ghost (adept GrFi)
 40397 | Swamp:4  | Killed Narkly's ghost
 41456 | Swamp:4  | Noticed a bone dragon
 41473 | Swamp:4  | Killed a bone dragon
 41787 | Swamp:4  | Got a decaying rune of Zot
 42604 | Spider:1 | Entered Level 1 of the Spider Nest
 42647 | Spider:1 | Noticed Agnes
 42655 | Spider:1 | Killed Agnes
 42670 | Spider:1 | Received a gift from Trog
 43024 | Spider:1 | Noticed Frances
 43041 | Spider:1 | Killed Frances
 43287 | Spider:1 | Noticed Roxanne
 43651 | Spider:1 | Killed Roxanne
 43949 | Spider:2 | Received a gift from Trog
 44395 | Spider:2 | Reached skill level 26 in Axes
 44516 | Spider:2 | Reached XP level 18. HP: 167/167 MP: 17/17
 44540 | Spider:3 | Got a flickering silver ring
 44549 | Spider:3 | Paralysed by a hornet for 2 turns
 44564 | Spider:3 | Received a gift from Trog
 44588 | Spider:3 | Blown up by an orb spider

Skill      XL: |  1  2  3  4  5  6  7  8  9 10 11 12 13 14 15 16 17 18 |
---------------+-------------------------------------------------------+-----
Axes           | 4 5 6 8 9 11 13 14 17 18 19 20 22 23 24 26 | 26.1
Armour         | 4 9 10 11 13 14 15 16 17 18 | 18.0
Fighting       | 9 11 13 14 15 16 17 18 | 18.0
Dodging        | |  2.1

Action                   |  1- 3 |  4- 6 |  7- 9 | 10-12 | 13-15 | 16-18 || total
-------------------------+-------+-------+-------+-------+-------+-------++-------
Melee: Hand axe          |    77 |    85 |   225 |   695 |    26 |       ||  1108
       Headbutt          |    18 |    18 |    47 |   173 |   227 |   193 ||   676
       War axe           |       |       |       |    38 |   231 |       ||   269
       Battleaxe         |       |       |       |       |   735 |   864 ||  1599
Throw: Tomahawk          |       |       |       |    12 |       |       ||    12
Invok: Berserk           |       |     1 |     3 |     7 |     1 |     3 ||    15
       Brothers in Arms  |       |       |       |     1 |     1 |     2 ||     4
 Abil: Evoke Invisibilit |       |       |       |       |     1 |       ||     1
Evoke: Box of beasts     |       |       |       |     1 |       |       ||     1
       Wand              |       |       |       |     1 |       |       ||     1
  Use: Scroll            |       |       |    16 |    13 |    10 |     3 ||    42
       Potion            |       |       |       |       |    10 |     7 ||    17
 Stab: Paralysed         |       |       |       |     2 |       |       ||     2
       Invisible         |       |       |       |       |     1 |       ||     1
       Confused          |       |       |       |       |     1 |       ||     1
       Distracted        |       |       |       |       |       |     3 ||     3
  Eat: Chunk             |     3 |     5 |    10 |    24 |    16 |    11 ||    69
       Ration            |       |       |       |     7 |    10 |     7 ||    24
Armor: Animal skin       |     7 |       |       |       |       |       ||     7
       Chain mail        |    20 |    18 |       |       |       |       ||    38
       Plate armour      |       |    23 |   103 |   380 |   462 |   603 ||  1571
Dodge: Dodged            |    41 |    26 |    72 |   211 |   291 |   366 ||  1007
       Deflected         |       |       |       |       |     2 |    26 ||    28
Block: Other             |       |       |       |     5 |   274 |   256 ||   535
       Reflection        |       |       |       |       |    11 |    16 ||    27
